 Dungeon Crawl Stone Soup version 0.31.0-11-ge490571c62 (webtiles) character file.

Game seed: 4988413577483468363

257 mainiacjoe the Digger (level 5, 0/38 HPs)
             Began as an Armataur Earth Elementalist on Jan 26, 2024.
             Killed from afar by an orc wizard (7 damage)
             ... with a puff of flame
             ... on level 4 of the Dungeon on Jan 27, 2024.
             The game lasted 00:10:06 (2976 turns).

mainiacjoe the Digger (Armataur Earth Elementalist) Turns: 2976, Time: 00:10:07

Health: 0/38       AC:  7    Str: 13    XL:     5   Next: 93%
Magic:  6/8        EV:  9    Int: 17    God:
Gold:   222        SH:  0    Dex: 11    Spells: 1/8 levels left

rFire   . . .        a - +0 long sword
rCold   . . .        (no shield)
rNeg    . . .        i - +0 robe
rPois   .            (no helmet)
rElec   .            (no cloak)
rCorr   .            d - +2 pair of gloves
SInv    .            (no barding)
Will    .....        k - amulet of regeneration
Stlth   +            (no ring)
HPRegen 1.06/turn    (no ring)
MPRegen 0.11/turn

%: roll
@: confused, hasted, very quick
A: large, deformed body, tough skin 3, armoured tail, roll 1
a: no special abilities


You were on level 4 of the Dungeon.
You visited 1 branch of the dungeon, and saw 4 of its levels.

You collected 222 gold pieces.

Inventory:

Hand Weapons
 a - a +0 long sword (weapon)
 b - a +0 dagger
 e - a +0 spear
Missiles
 c - 44 stones
 m - 2 boomerangs
Armour
 d - a +2 pair of gloves (worn)
 i - a +0 robe (worn)
Jewellery
 f - an amulet of the acrobat
 g - an amulet of guardian spirit
 j - a ring of protection from cold
 k - an amulet of regeneration (around neck)
Scrolls
 h - a scroll of enchant armour
 p - 2 scrolls of teleportation
Potions
 l - a potion of mutation
 n - a potion of heal wounds
 o - a potion of haste


   Skills:
 - Level 1.3 Dodging
 - Level 3.9 Stealth
 - Level 2.0 Spellcasting
 * Level 2.5 Conjurations
 + Level 4.8 Earth Magic


You had one spell level left.
You knew the following spells:

 Your Spells              Type           Power      Damage    Failure   Level
a - Sandblast             Erth           36%        2d10      2%          1
c - Stone Arrow           Conj/Erth      28%        3d8       13%         3
z - Passwall              Erth           18%        N/A       8%          3

Your spell library contained the following spells:

 Spells                   Type           Power      Damage    Failure   Level
 Brom's Barrelling Bould  Conj/Erth      14%        2d4       38%         4
 Petrify                  Alch/Erth      9%         N/A       58%         4


Dungeon Overview and Level Annotations

Branches:
Dungeon (4/15)
 Temple: D:4-7

Altars:
Elyvilon

Annotations:
D:3 1 runed translucent door, Crazy Yiuf


Innate Abilities, Weirdness & Mutations

Armour fits poorly on your strangely shaped body.
You have extremely tough skin. (AC +3)
You have a long armoured tail.
You regenerate magic when rolling toward enemies. (Rampage MPRegen)


Message History

The orc wizard gestures at you while chanting.
You are more confused.
You closely miss the orc wizard.
The orc wizard is severely wounded.
The orc wizard hits you but does no damage.
You closely miss the orc wizard.
Your tail-slap misses the orc wizard.
The orc wizard is severely wounded.
The orc wizard points at you and mumbles some strange words.
The puff of flame hits you!
You are too confused!
You are too confused!
You are too confused!
You are too confused!
The orc wizard hits you with a +0 dagger.
You barely miss the orc wizard.
Your tail-slap misses the orc wizard.
The orc wizard casts a spell at you. The magic dart hits you.
The orc wizard hits you but does no damage.
The orc wizard barely misses you.
The orc wizard gestures at you while chanting.
The magic dart hits you!
The orc wizard hits you with a +0 dagger.
The orc hits you with a +0 mace.
The orc wizard hits you but does no damage. x2
It was a potion of haste.
You feel yourself speed up.
The orc wizard hits you with a +0 dagger.
The orc wizard hits you but does no damage.
The orc wizard points at you and mumbles some strange words.
The magic dart hits you!
* * * LOW HITPOINT WARNING * * *
You slash the orc!
You kill the orc!
The orc wizard hits you with a +0 dagger.
* * * LOW HITPOINT WARNING * * *
The orc wizard hits you but does no damage. x2
You miss the orc wizard.
Your tail-slap misses the orc wizard.
The orc wizard hits you but does no damage. x2
The orc wizard gestures at you while chanting.
The puff of flame hits you!
You die...

#......# #......#
###......# ...?.....+
.........# .........#
.........# .......oo#
.......o@# ###....).#
#.(....###########
#......##.........
######......##.########
........######.#...
..%.....######'#.#+###
.....................#
.....................#


You could see 3 orc wizards.

Vanquished Creatures
  A bullfrog (D:3)
  An orc wizard (D:4)
  7 gnolls (D:2)
  An adder (D:2)
  2 ribbon worms
  3 dart slugs
  10 orcs
  5 endoplasms
  5 giant cockroaches
  5 goblins
  4 hobgoblins
  6 jackals (D:2)
  2 ball pythons
  5 bats
  6 frilled lizards
  5 rats
68 creatures vanquished.

Notes
Turn   | Place    | Note
-------+----------+-------------------------------------------
     0 | D:1      | mainiacjoe the Armataur Earth Elementalist began the quest
                  | for the Orb.
     0 | D:1      | Reached XP level 1. HP: 14/14 MP: 3/3
   290 | D:1      | Reached skill level 3 in Earth Magic
   291 | D:1      | Reached XP level 2. HP: 20/20 MP: 2/4
   934 | D:2      | Found a white marble altar of Elyvilon.
  1028 | D:2      | Reached XP level 3. HP: 26/26 MP: 0/5
  1146 | D:2      | Learned a level 3 spell: Stone Arrow
  1211 | D:2      | Reached XP level 4. HP: 8/33 MP: 0/7
  1215 | D:2      | Learned a level 3 spell: Passwall
  1463 | D:2      | Reached skill level 4 in Earth Magic
  1731 | D:2      | Found a faded altar of an unknown god.
  2006 | D:3      | Reached XP level 5. HP: 38/38 MP: 1/8
  2552 | D:3      | Found a runed translucent door.
  2553 | D:3      | Noticed Crazy Yiuf
  2976 | D:4      | Killed from afar by an orc wizard

Illustrated notes

Levels and vault maps discovered:
D:1:      wander_arrival_fairy_ring, layout_basic
D:2:      layout_loops_ring, basic_altar, dilly_ecumenical_altar_fadedgnrine,
          serial_park_tiny_2
D:3:      layout_basic, uniq_crazy_yiuf_cottage
D:4:      layout_basic

Skill      XL: |  1  2  3  4  5 |
---------------+----------------+-----
Earth Magic    | 3 4 |  4.8
Stealth        | 3 |  3.9
Spellcasting   | 2 |  2.0
Conjurations   | 2 |  2.5
Dodging        | |  1.3

Action                     |  1- 3 |  4- 6 || total
---------------------------+-------+-------++-------
  Melee: Spear             |     8 |       ||     8
         Tailslap          |     3 |     2 ||     5
         Long sword        |    19 |    31 ||    50
         Dagger            |     3 |     5 ||     8
         Punch             |     1 |     1 ||     2
   Cast: Sandblast         |    33 |    60 ||    93
         Passwall          |       |     3 ||     3
    Use: Scroll            |     4 |     3 ||     7
         Potion            |       |     3 ||     3
   Stab: Sleeping          |     1 |     3 ||     4
 Armour: Robe              |    38 |    62 ||   100
         Skin              |       |    12 ||    12
  Dodge: Dodged            |    20 |    32 ||    52
